 Dungeon Crawl Stone Soup version 0.23.1 (webtiles) character file.

Game seed: 0

739 Chiseanne the Charlatan (level 7, 0/60 HPs)
             Began as a Ghoul Artificer on Mar 15, 2019.
             Was a Plaything of Xom.
             Slain by an ogre
             ... wielding a +0 giant club
              (20 damage)
             ... on level 5 of the Dungeon.
             The game lasted 00:10:27 (2785 turns).

Chiseanne the Charlatan (Ghoul Artificer)           Turns: 2785, Time: 00:10:28

Health: 0/60       AC: 12    Str: 16    XL:     7   Next: 75%
Magic:  9/9        EV:  9    Int:  6    God:    Xom [.*....]
Gold:   78         SH:  8    Dex: 11    Spells: 6/6 levels left

rFire    + . .     SeeInvis .   x - +2 trident (pain)
rCold    + . .     Gourm    .   s - +0 shield
rNeg     + + +     Faith    .   b - +2 ring mail {MR+}
rPois    ∞         Spirit   .   y - +0 helmet
rElec    .         Reflect  .   q - +1 cloak
rCorr    .         Harm     .   (no gloves)
MR       +....                  (no boots)
Stlth    +.........             (no amulet)
HPRegen  0.00/turn              n - ring of protection from fire
MPRegen  0.11/turn              t - +1 ring of protection

@: rotting
A: rotting body, claws 1, carnivore, cold resistance 1, negative energy
resistance 3, inhibited regeneration, torment resistance, unbreathing
a: Renounce Religion


You were on level 5 of the Dungeon.
You worshipped Xom.
You were a plaything of Xom.
You were not hungry.

You visited 1 branch of the dungeon, and saw 5 of its levels.

You collected 210 gold pieces.
You spent 132 gold pieces at shops.

Inventory:

Hand Weapons
 a - a +1 dagger of draining
 x - a +2 trident of pain (weapon)
Missiles
 g - 182 stones (quivered)
 h - 3 tomahawks
 m - 67 arrows
 u - 23 bolts
 v - 29 sling bullets
Armour
 b - a +2 ring mail of magic resistance (worn)
 q - a +1 cloak (worn)
 s - a +0 shield (worn)
 y - a +0 helmet (worn)
Jewellery
 n - a ring of protection from fire (left claw)
 p - an uncursed ring of protection from magic {unknown}
 t - a +1 ring of protection (right claw)
Wands
 c - a wand of flame (14)
 d - a wand of enslavement (13)
 e - a wand of random effects (12)
 j - a wand of disintegration (17)
 A - a wand of iceblast (10)
Scrolls
 i - 2 scrolls of teleportation
 o - a scroll of fear
 B - a scroll of fog
 D - a scroll of immolation
 E - a scroll of amnesia
Potions
 k - a potion of brilliance {unknown}
 l - 6 potions of curing
 r - a potion of mutation {unknown}
 z - a potion of agility {unknown}
Comestibles
 f - 8 rations
 w - a chunk of flesh


   Skills:
 * Level 4.6 Fighting
 - Level 0.8 Short Blades
 * Level 3.2 Armour
 - Level 2.4 Dodging
 - Level 1.1 Stealth
 * Level 3.1 Shields
 * Level 4.6 Evocations


You had 6 spell levels left.
You didn't know any spells.
Your spell library contained the following spells:

 Spells                   Type           Power        Failure   Level  Hunger
 Animate Skeleton         Necr           N/A          99%         1    ##.....
 Apportation              Tloc           #.....       99%         1    ##.....
 Confusing Touch          Hex            #.....       99%         1    ##.....
 Pain                     Necr           #...         99%         1    ##.....
 Summon Small Mammal      Summ           #...         99%         1    ##.....
 Regeneration             Chrm/Necr      #.........   100%        3    ####...
 Vampiric Draining        Necr           #.........   100%        3    ####...
 Animate Dead             Necr           N/A          100%        4    #####..


Dungeon Overview and Level Annotations

Branches:
Dungeon (5/15)             Temple (0/1) D:4

Altars:
Sif Muna
Xom

Shops:
D:4 *%


Innate Abilities, Weirdness & Mutations

Your body is rotting away.
You thrive on raw meat.
You are immune to poison.
You have sharp fingernails.
You are carnivorous and can eat meat at any time.
Your flesh is cold resistant. (rC+)
You are immune to negative energy. (rN+++)
You do not regenerate when monsters are visible.
You are immune to unholy pain and torment.
You can survive without breathing.


Message History

The worker ant is almost dead.
The worker ant bites you but does no damage.
The worker ant bites you.
You hit the worker ant.
You kill the worker ant!
The leopard gecko skeleton bites you but does no damage.
You puncture the leopard gecko skeleton!
You destroy the leopard gecko skeleton!
An ogre comes into view. It is wielding a +0 giant club.
Things that are here:
an adder corpse; a hound corpse You puncture the ogre!
The ogre is moderately wounded.
The ogre hits you with a +0 giant club!
A shower of butterflies erupts from you!
You barely miss the ogre.
The ogre is moderately wounded.
The ogre hits you with a +0 giant club!!
You die...
Xom is highly amused!

### ... #.. #. #.# # #.
.. #.# .# ###.#.# #.# ..#
......#######.#####...###
..............bb@O.......
.....####.#######b#######
#+#................!
#.#.......######.....#
#.....#...# #.?...#
###.###...# #.....# #.#
#...# #.....# #.###...#
#.....# #.......#


You could see an ogre.

Vanquished Creatures
  A sky beast (D:5)
  An ogre (D:4)
  A scorpion (D:4)
  A howler monkey (D:4)
  2 hounds
  2 jellies (D:5)
  2 orc wizards
  A bullfrog skeleton (D:5)
  Natasha (D:3)
  2 worker ants
  11 orcs
  3 adders
  A shadow imp (D:5)
  3 oozes
  A worm (D:3)
  2 dart slugs
  2 leopard geckos
  2 ball pythons
  4 giant cockroaches
  16 goblins
  6 hobgoblins
  3 jackals
  2 quokkas
  5 bats
  2 frilled lizards
  5 kobolds
  A leopard gecko skeleton (D:5)
  2 quokka skeletons
  4 rats
89 creatures vanquished.

Vanquished Creatures (collateral kills)
  An orc priest (D:3)
  A hound (D:4)
  Terence (D:3)
  Robin (D:3)
  2 orcs (D:3)
  A giant cockroach (D:3)
  2 goblins (D:3)
  4 hobgoblins (D:3)
  A jackal (D:3)
14 creatures vanquished.

Vanquished Creatures (others)
  A rat (D:3)
1 creature vanquished.

Grand Total: 104 creatures vanquished

Notes
Turn   | Place    | Note
-------+----------+-------------------------------------------
     0 | D:1      | Chiseanne the Ghoul Artificer began the quest for the Orb.
     0 | D:1      | Reached XP level 1. HP: 16/16 MP: 1/1
   156 | D:1      | Reached XP level 2. HP: 18/23 MP: 3/3
   457 | D:1      | Reached XP level 3. HP: 29/29 MP: 4/4
   849 | D:2      | Found a deep blue altar of Sif Muna.
   849 | D:2      | Found a shimmering altar of Xom.
   853 | D:2      | Became a worshipper of Xom the Less-Predictable
  1266 | D:3      | Noticed Terence
  1273 | D:3      | XOM: smoke on damage
  1313 | D:3      | Killed Terence
  1313 | D:3      | Reached XP level 4. HP: 9/37 MP: 5/5
  1336 | D:3      | Reached skill level 1 in Armour
  1387 | D:3      | XOM: potion effect (brilliance)
  1418 | D:3      | XOM: harmless Chrm miscast
  1424 | D:3      | XOM: silly message
  1432 | D:3      | XOM: divination: detect creatures
  1466 | D:3      | Noticed Robin
  1468 | D:3      | XOM: confuse monster(s)
  1474 | D:3      | Reached skill level 1 in Shields
  1479 | D:3      | Reached XP level 5. HP: 22/44 MP: 6/6
  1483 | D:3      | Killed Robin
  1739 | D:3      | Noticed Natasha
  1746 | D:3      | Killed Natasha
  1793 | D:4      | Reached XP level 6. HP: 46/51 MP: 7/7
  1796 | D:4      | XOM: divination: detect creatures
  1800 | D:4      | XOM: polymorph howler monkey -> ooze
  2004 | D:4      | XOM: summons 6 friendly demons
  2032 | D:4      | Reached XP level 7. HP: 54/59 MP: 9/9
  2039 | D:4      | Found a staircase to the Ecumenical Temple.
  2158 | D:4      | Found Hoakkaing's Food Emporium.
  2221 | D:4      | Found Xurutyg's General Store.
  2233 | D:4      | Bought a scroll of fog for 24 gold pieces
  2233 | D:4      | Bought a scroll of identify for 24 gold pieces
  2233 | D:4      | Bought a scroll of immolation for 42 gold pieces
  2233 | D:4      | Bought a scroll of amnesia for 42 gold pieces
  2294 | D:4      | XOM: scenery: 1 doors close
  2404 | D:4      | XOM: cloud trail
  2560 | D:5      | Entered Level 5 of the Dungeon
  2637 | D:5      | XOM: god gift: 35 gold pieces {god gift}
  2784 | D:5      | XOM: butterfly on damage
  2785 | D:5      | Slain by an ogre

Skill      XL: |  1  2  3  4  5  6  7 |
---------------+----------------------+-----
Dodging        | 2 |  2.4
Evocations     | 3 4 |  4.6
Fighting       | 2 3 4 |  4.6
Armour         | 1 2 3 |  3.2
Shields        | 1 2 3 |  3.1
Short Blades   | |  0.8
Stealth        | |  1.1

Action                   |  1- 3 |  4- 6 |  7- 9 || total
-------------------------+-------+-------+-------++-------
Melee: Short sword       |    57 |       |       ||    57
       Dagger            |    84 |    35 |       ||   119
       Trident           |       |    84 |   102 ||   186
Evoke: Wand              |     2 |     5 |       ||     7
  Use: Scroll            |     5 |     5 |     4 ||    14
 Stab: Confused          |       |     1 |       ||     1
  Eat: Chunk             |     9 |    22 |     1 ||    32
Armor: Leather armour    |     9 |       |       ||     9
       Ring mail         |    58 |    56 |    55 ||   169
Dodge: Dodged            |    84 |    31 |    53 ||   168
Block: Shield            |    10 |    28 |    69 ||   107
